 Dungeon Crawl Stone Soup version 0.30-a0-738-g116ff8c4af (webtiles) character file.

Game seed: 6755728561762558496

886 MachoJfn the Digger (level 8, -10/43 HPs)
             Began as a Gargoyle Earth Elementalist on Feb 2, 2023.
             Was an Initiate of Wu Jian.
             Mangled by an orc warrior
             ... wielding a +0 trident
              (11 damage)
             ... on level 6 of the Dungeon on Feb 3, 2023.
             The game lasted 00:30:53 (4057 turns).

MachoJfn the Digger (Gargoyle Earth Elementalist)   Turns: 4057, Time: 00:30:53

Health: -10/43     AC: 13    Str: 11    XL:     8   Next: 5%
Magic:  0/15       EV: 11    Int: 25    God:    Wu Jian [......]
Gold:   228        SH:  0    Dex: 10    Spells: 11/17 levels left

rFire   . . .      SeeInvis +    d - +0 hand axe (vamp)
rCold   . . .      Faith    .    (no shield)
rNeg    + . .      Spirit   +    k - +0 leather armour
rPois   ∞          Reflect  .    (no helmet)
rElec   +          Harm     .    i - +0 cloak
rCorr   .          Rampage  .    e - +2 pair of gloves
Will    .....                    t - +0 pair of boots
Stlth   +                        w - amulet of guardian spirit
HPRegen 0.27/turn                m - +6 ring of intelligence
MPRegen 0.14/turn                n - ring of see invisible

@: no status effects
A: sickness immunity, AC +5, negative energy resistance 1, electricity
resistance, torment resistance 1, petrification resistance
a: Renounce Religion


You were on level 6 of the Dungeon.
You worshipped Wu Jian.
Wu Jian was noncommittal.
You visited 1 branch of the dungeon, and saw 6 of its levels.

You collected 228 gold pieces.

Inventory:

Hand Weapons
 d - a +0 vampiric hand axe (weapon)
 s - a +2 mace of electrocution
Armour
 e - a +2 pair of gloves (worn)
 i - a +0 cloak (worn)
 k - a +0 leather armour (worn)
 t - a +0 pair of boots (worn)
Jewellery
 c - an amulet of the acrobat
 m - a +6 ring of intelligence (left hand)
 n - a ring of see invisible (right hand)
 p - a ring of poison resistance
 w - an amulet of guardian spirit (around neck)
Wands
 q - a wand of paralysis (4)
Scrolls
 a - a scroll of fog {unknown}
 l - a scroll of silence
 u - 2 scrolls of torment
 v - a scroll of identify {unknown}
Potions
 b - a potion of magic
 f - a potion of brilliance {unknown}
 g - a potion of mutation {unknown}
 h - 2 potions of curing
 o - 2 potions of attraction {unknown}


   Skills:
 + Level 1.0(0.5) Fighting
 + Level 1.4(0.7) Axes
 + Level 0.3(0.5) Maces & Flails
 + Level 2.5(1.2) Armour
 + Level 2.2(1.1) Dodging
 + Level 3.6(1.8) Stealth
 + Level 5.1(2.5) Spellcasting
 + Level 0.7(0.3) Transmutations
 + Level 0.1(0.0) Ice Magic
 + Level 7.2(3.6) Earth Magic
 + Level 0.1(0.0) Evocations


You had 11 spell levels left.
You knew the following spells:

 Your Spells              Type           Power      Damage    Failure   Level
a - Sandblast             Erth           42%        2d11      3%          1
b - Stone Arrow           Conj/Erth      24%        3d8       21%         3
c - Ensorcelled Hibernat  Hex/Ice        6%         N/A       21%         2

Your spell library contained the following spells:

 Spells                   Type           Power      Damage    Failure   Level
 Passwall                 Tmut/Erth      10%        N/A       10%         2
 Spider Form              Tmut/Pois      4%         N/A       36%         3
 Summon Guardian Golem    Hex/Summ       3%         N/A       38%         3
 Petrify                  Tmut/Erth      13%        N/A       52%         4
 Anguish                  Hex/Necr       1%         N/A       80%         4
 Orb of Destruction       Conj           1%         9d5       100%        7
 Spellforged Servitor     Conj/Summ      1%         N/A       100%        7


Dungeon Overview and Level Annotations

Branches:
Dungeon (6/15)
 Temple: D:4-7

Altars:
Ashenzari
Nemelex Xobeh
Wu Jian


Innate Abilities, Weirdness & Mutations

You are immune to sickness and miasma.
Your stone body is resilient. (AC +5)
You are immune to poison.
You resist negative energy. (rN+)
You are resistant to electric shocks. (rElec)
You are resistant to unholy torment.
You are immune to petrification.


Message History

Confirm with . or Enter, or press ? or * to list all spells.
Aiming: Sandblast (safe; 3% risk of failure)
Press: ? - help, Shift-Dir - straight line, f/p - troll
Aim: a troll (heavily wounded, 83% to hit)
The blast of sand hits the troll but does no damage.
The troll is heavily wounded.
The orc shouts!
The orc warrior barely misses you. The troll bites you but does no damage.
The troll barely misses you. The troll claws you but does no damage.
Casting: Sandblast (safe; 3% risk of failure)
Confirm with . or Enter, or press ? or * to list all spells.
Aiming: Sandblast (safe; 3% risk of failure)
Press: ? - help, Shift-Dir - straight line, f/p - troll
Aim: a troll (heavily wounded, 83% to hit)
The blast of sand hits the troll!
The troll is almost dead.
The orc warrior hits you from afar with a +0 trident!
The troll bites you but does no damage. The troll claws you.
The troll claws you!
* * * LOW HITPOINT WARNING * * *
The troll closely misses you. The troll claws you but does no damage.
The troll claws you.
* * * LOW HITPOINT WARNING * * *
The orc warrior barely misses you.
Casting: Sandblast (safe; 3% risk of failure)
Confirm with . or Enter, or press ? or * to list all spells.
You don't know that spell.
You feel better.
The orc warrior hits you from afar with a +0 trident.
* * * LOW HITPOINT WARNING * * *
The troll bites you but does no damage. The troll claws you.
* * * LOW HITPOINT WARNING * * *
The troll claws you.
* * * LOW HITPOINT WARNING * * *
Aiming: Paralyse
Press: ? - help, Q - select action, (/) - cycle Shift-Dir - straight line, f/p - troll
Aim: a troll (severely wounded, chance to affect: 49%)
The troll suddenly stops moving!
The orc warrior hits you from afar with a +0 trident!
You die...

####...####
##.#####
.....#'#####
#.#
.#.........#
#.# #.........#
#.# #.........#
#.# #####'#####
#.# #.#
###+###.# #.#
#.......# ###
#@......#
#...ooT..8....#
#....o#.......#
##...##.......#
#### ###)#####
##...## #.....#
#.....# #.....#


You could see a troll (paralysed), an orc warrior and 2 orcs.

Vanquished Creatures
  Grinder (D:4)
  Edmund (D:4)
  An orc warrior (D:6)
  An ice beast (D:6)
  A phantom (D:4)
  3 iguanas (D:4)
  4 gnolls (D:3)
  7 adders
  A white imp (D:6)
  3 worms
  3 dart slugs
  14 orcs
  4 ball pythons (D:1)
  6 bats
  12 endoplasms
  4 giant cockroaches
  9 goblins
  5 hobgoblins
  9 jackals
  6 kobolds
  5 quokkas
  4 frilled lizards (D:1)
  A rat (D:2)
105 creatures vanquished.

Notes
Turn   | Place    | Note
-------+----------+-------------------------------------------
     0 | D:1      | MachoJfn the Gargoyle Earth Elementalist began the quest
                  | for the Orb.
     0 | D:1      | Reached XP level 1. HP: 10/10 MP: 3/3
    36 | D:1      | Found a faded altar of an unknown god.
   182 | D:1      | Prayed at the altar of an unknown god.
   182 | D:1      | Became a worshipper of Ashenzari the Shackled
   213 | D:1      | Reached skill level 4 in Earth Magic
   340 | D:1      | Reached XP level 2. HP: 15/15 MP: 5/5
   658 | D:1      | Reached XP level 3. HP: 19/19 MP: 4/6
  1098 | D:2      | Reached skill level 1 in Axes
  1178 | D:2      | Reached XP level 4. HP: 24/24 MP: 3/7
  1500 | D:2      | Noticed a scorpion
  1777 | D:3      | Learned a level 3 spell: Stone Arrow
  1855 | D:3      | Reached XP level 5. HP: 28/28 MP: 7/9
  2106 | D:3      | Reached skill level 5 in Earth Magic
  2497 | D:3      | Learned a level 2 spell: Ensorcelled Hibernation
  3038 | D:4      | Reached XP level 6. HP: 33/33 MP: 6/11
  3052 | D:4      | Noticed Grinder
  3074 | D:4      | Reached skill level 1 in Armour
  3081 | D:4      | Paralysed by Grinder for 2 turns
  3086 | D:4      | Paralysed by Grinder for 4 turns
  3094 | D:4      | Killed Grinder
  3095 | D:4      | Reached skill level 6 in Earth Magic
  3095 | D:4      | Reached XP level 7. HP: 21/37 MP: 0/13
  3260 | D:4      | Noticed Edmund
  3278 | D:4      | Upgraded the game from 0.30-a0-737-gf23d94013f to
                  | 0.30-a0-738-g116ff8c4af
  3278 | D:4      | Killed Edmund
  3444 | D:4      | Found an ornate altar of the Wu Jian Council.
  3452 | D:4      | Fell from the grace of Ashenzari
  3452 | D:4      | Became a worshipper of the Wu Jian Council
  3716 | D:5      | Entered Level 5 of the Dungeon
  3772 | D:5      | Found a sparkling altar of Nemelex Xobeh.
  3794 | D:6      | Reached skill level 5 in Spellcasting
  3794 | D:6      | Reached skill level 7 in Earth Magic
  3984 | D:6      | Reached skill level 1 in Fighting
  3984 | D:6      | Reached XP level 8. HP: 30/43 MP: 0/15
  4049 | D:6      | Noticed a troll
  4055 | D:6      | HP: 2/43 [troll (6)]
  4057 | D:6      | Mangled by an orc warrior

Illustrated notes

Levels and vault maps discovered:
D:1:      lightli_arrival_lavapool, layout_loops_ring,
          hellmonk_ecumenical_altar_heavens_door, kennysheep_small_spiral
D:2:      layout_rooms, lightli_corner_chamber
D:3:      layout_basic, minmay_fractal_squares_diagonal_5
D:4:      layout_rooms, nzn_wu_jian_contemplation, uniq_edmund, uniq_grinder
D:5:      layout_loops_ring, mainiacjoe_overflow_catwalk,
          mainiacjoe_overflow_alcove_4, minmay_temple_entry_wispy,
          gup_sewer_entry_bowl
D:6:      layout_basic, ebering_ghost_disaster_area, nrook_campfire,
          minmay_three_doors

Skill      XL: |  1  2  3  4  5  6  7 |
---------------+----------------------+-----
Earth Magic    | 4 5 6 7 |  7.2
Dodging        | 2 |  2.2
Axes           | 1 |  1.4
Spellcasting   | 3 4 5 |  5.1
Stealth        | 3 |  3.6
Armour         | 1 2 |  2.5
Fighting       | 1 |  1.0
Maces & Flails | |  0.3
Transmutations | |  0.7
Ice Magic      | |  0.1
Evocations     | |  0.1

Action                     |  1- 3 |  4- 6 |  7- 9 || total
---------------------------+-------+-------+-------++-------
  Melee: Hand axe          |    54 |    12 |    34 ||   100
         Unarmed           |     5 |       |       ||     5
         Punch             |     1 |     1 |       ||     2
         Mace              |       |     9 |     6 ||    15
   Cast: Sandblast         |    31 |    70 |    35 ||   136
         Stone Arrow       |       |     1 |       ||     1
         Ensorcelled Hiber |       |       |     2 ||     2
Ability: Lunge             |       |       |     1 ||     1
  Evoke: Wand              |       |       |     3 ||     3
    Use: Scroll            |       |     6 |     2 ||     8
         Potion            |       |       |     5 ||     5
   Stab: Sleeping          |     2 |       |       ||     2
         Paralysed         |       |       |     5 ||     5
 Armour: Robe              |    25 |       |       ||    25
         Leather armour    |     4 |    14 |    34 ||    52
  Dodge: Dodged            |    57 |    29 |    32 ||   118

Table legend: (Time is in decaauts)
 A = Elapsed time spent in this place.
 B = Non-inter-level travel time spent in this place.
 C = Inter-level travel time spent in this place.
 D = Time resting spent in this place.
 E = Time spent auto-exploring this place.
 F = Levels seen in this place.
 G = Mean time per level.
                   A        B        C        D        E       F      G
               +--------+--------+--------+--------+--------+-----+--------+
         Total |   4152 |   3071 |   1081 |    548 |   1721 |   6 |  692.0 |
       Dungeon |   4152 |   3071 |   1081 |    548 |   1721 |   6 |  692.0 |
               +--------+--------+--------+--------+--------+-----+--------+

Top non-repeatable levels by time:
     D:3: 1289 daAuts
     D:1: 1060 daAuts
     D:4: 763 daAuts
     D:2: 679 daAuts
     D:6: 295 daAuts
     D:5: 64 daAuts
